 Dungeon Crawl Stone Soup version 0.28-a0-544-g207b005307 (webtiles) character file.

Game seed: 13526353013433648010

79 EnegeticOcto the Poker (level 4, 0/37 HPs)
             Began as a Formicid Chaos Knight on Sept 28, 2021.
             Was a Plaything of Xom.
             Succumbed to an adder's poison
             ... on level 2 of the Dungeon.
             The game lasted 00:04:46 (2145 turns).

EnegeticOcto the Poker (Formicid Chaos Knight)      Turns: 2145, Time: 00:04:47

Health: 0/37       AC:  5    Str: 18      XL:     4   Next: 62%
Magic:  4/4        EV: 11    Int: 10 (11) God:    Xom [...*..]
Gold:   101        SH:  0    Dex:  9 (10) Spells: 3/3 levels left

rFire   . . .      SeeInvis +   l - +0 trident
rCold   . . .      Faith    .   (no shield)
rNeg    . . .      Spirit   .   b - +2 leather armour
rPois   .          Reflect  .   (helmet unavailable)
rElec   .          Harm     .   (no cloak)
rCorr   .          Rampage  .   (no gloves)
Will    .....      Clarity  +   (no boots)
Stlth   ++........              (no amulet)
HPRegen 0.12/turn               (no ring)
MPRegen 0.09/turn               (no ring)

@: brilliant, lethally poisoned (0 -> -6)
A: permanent stasis, dig shafts and tunnels, antennae 3, four strong arms,
clarity, wild magic 1
a: Dig, Shaft Self, Renounce Religion


You were on level 2 of the Dungeon.
You worshipped Xom.
You were a favourite toy of Xom.
You visited 1 branch of the dungeon, and saw 2 of its levels.

You collected 101 gold pieces.

Inventory:

Hand Weapons
 a - a +0 spear of chaos
 c - a +0 rapier
   (You took it off a goblin on level 2 of the Dungeon)
 l - a +0 trident (weapon)
   (You found it on level 2 of the Dungeon)
Missiles
 e - 15 arrows
 g - 44 stones
 k - 2 throwing nets {!f}
 n - 3 atropa-tipped darts (quivered)
Armour
 b - a +2 leather armour (worn)
Scrolls
 f - a scroll of teleportation {unknown}
 h - a scroll of amnesia {unknown}
 i - a scroll of identify {unknown}
 m - a scroll of noise {unknown}
 o - a scroll of fear {unknown}
Potions
 j - a potion of degeneration


   Skills:
 + Level 3.8 Fighting
 - Level 4.0 Polearms
 - Level 2.1 Armour
 - Level 0.8 Dodging
 - Level 3.0 Stealth


You had 3 spell levels left.
You didn't know any spells.
Your spell library was empty.

Dungeon Overview and Level Annotations

Branches:
Dungeon (2/15)

Altars:
Xom


Innate Abilities, Weirdness & Mutations

You cannot be hasted, slowed, berserked, paralysed or teleported.
You can dig through walls and to a lower floor.
You have a pair of large antennae on your head. (SInv)
Your four strong arms can wield two-handed weapons with a shield.
You possess an exceptional clarity of mind.
Your spells are a little harder to cast, but a little more powerful.


Message History

You kill the hobgoblin!
No target in view!
No target in view!
No target in view!
No target in view!
No target in view!
You now have 101 gold pieces (gained 11). "See what I see, my child!"
You detect items! "Let me alter your pitiful body."
Your body is suffused with distortional energy.
You feel less in control of your magic.
Your thoughts seem clearer.
You see here a hobgoblin corpse.
You see here a +0 club.
A kobold is nearby!
You reach to attack!
You closely miss the kobold. The kobold barely misses you.
You closely miss the kobold. The kobold hits you but does no damage.
You hit the kobold.
You kill the kobold!
No target in view!
No target in view!
No target in view!
No target in view!
No target in view!
No target in view!
No target in view!
g - 44 stones (gained 21)
You see here a +0 short sword.
There is a shimmering altar of Xom here.
An adder comes into view.
The adder hisses angrily.
You barely miss the adder. The adder bites you but does no damage.
The adder bites you.
You are poisoned.
The adder poisons you!
You barely miss the adder.
You feel sick. The adder bites you but does no damage.
You hit the adder.
The adder is heavily wounded.
You feel sick. The adder bites you. The adder bites you but does no damage.
You hit the adder.
The adder is severely wounded.
You feel sick. The adder barely misses you.
Your leather armour prevents you from hitting the adder.
The adder is severely wounded.
You feel sick. The adder bites you.
You are more poisoned.
The adder poisons you! The adder closely misses you.
You are too injured to fight recklessly!
You are too injured to fight recklessly!
You are too injured to fight recklessly!
You are too injured to fight recklessly!
You are too injured to fight recklessly!
You are too injured to fight recklessly!
You are too injured to fight recklessly!
You are too injured to fight recklessly!
You are too injured to fight recklessly!
You are too injured to fight recklessly!
You are too injured to fight recklessly!
You are too injured to fight recklessly!
You are too injured to fight recklessly!
You are too injured to fight recklessly!
You closely miss the adder.
The adder is severely wounded.
You feel sick. The adder bites you.
You closely miss the adder.
The adder is severely wounded.
You feel sick. The adder bites you but does no damage.
You closely miss the adder.
The adder is severely wounded.
You feel sick. The adder bites you. The adder bites you but does no damage.
You hit the adder.
The adder is severely wounded.
You feel sick. The adder bites you.
You are more poisoned.
The adder poisons you!
You barely miss the adder.
The adder is severely wounded.
You feel sick. The adder bites you but does no damage. The adder bites you.
It was a potion of brilliance.
You feel clever all of a sudden.
You feel sick. The adder bites you.
* * * LOW HITPOINT WARNING * * *
You are lethally poisoned!
The adder poisons you!
You completely miss the adder.
The adder is severely wounded.
* * * LOW HITPOINT WARNING * * *
You feel very sick.
The adder bites you but does no damage. x2
You puncture the adder!
You kill the adder!
* * * LOW HITPOINT WARNING * * *
You feel sick.
Okay, then.
Okay, then.
* * * LOW HITPOINT WARNING * * *
You feel sick.
You die...
Xom howls with laughter!

##........ {
#......## ###
#.....### #..
##......## #.#
##........# #.#
..........# #.#
..........# #.#
.....##.... #.#
.....#..### #@#
.......## #.#
.......#########.#
#................#
##....############
######


There were no monsters in sight!

Vanquished Creatures
  3 adders (D:2)
  An endoplasm (D:1)
  2 giant cockroaches
  6 goblins
  3 hobgoblins
  6 jackals (D:1)
  A quokka (D:1)
  7 ball pythons
  5 bats
  5 frilled lizards
  7 kobolds
  3 rats
49 creatures vanquished.

Vanquished Creatures (others)
  2 plants (D:1)
2 creatures vanquished.

Grand Total: 51 creatures vanquished

Notes
Turn   | Place    | Note
-------+----------+-------------------------------------------
     0 | D:1      | EnegeticOcto the Formicid Chaos Knight began the quest for
                  | the Orb.
     0 | D:1      | Reached XP level 1. HP: 18/18 MP: 1/1
   120 | D:1      | Reached skill level 1 in Stealth
   138 | D:1      | XOM: divination: detect creatures
   182 | D:1      | XOM: potion effect (might)
   184 | D:1      | Reached skill level 2 in Stealth
   184 | D:1      | Reached XP level 2. HP: 20/24 MP: 2/2
   287 | D:1      | Found a faded altar of an unknown god.
   320 | D:1      | Reached skill level 3 in Stealth
   497 | D:1      | XOM: cloud trail
   508 | D:1      | Reached XP level 3. HP: 29/29 MP: 3/3
   583 | D:1      | XOM: silly message
   587 | D:1      | XOM: noise
   601 | D:1      | XOM: summons 2 hostile demons
   605 | D:1      | You fall into a shaft and drop 1 floor!
   605 | D:2      | XOM: stealth player
   658 | D:2      | XOM: scenery: 1 doors open
  1054 | D:1      | XOM: scenery: create altars
  1119 | D:2      | XOM: god gift: 26 gold pieces
  1190 | D:2      | Reached XP level 4. HP: 14/35 MP: 4/4
  1382 | D:1      | XOM: scenery: create altars
  1467 | D:2      | Reached skill level 4 in Polearms
  1484 | D:2      | XOM: scenery: create altars
  1609 | D:2      | XOM: cloud trail
  1619 | D:2      | XOM: god gift: 22 gold pieces
  2024 | D:2      | XOM: divination: detect items
  2035 | D:2      | XOM: give mutations
  2035 | D:2      | Gained mutation: Your spells are a little harder to cast,
                  | but a little more powerful. [Xom's grace]
  2035 | D:2      | Gained mutation: You possess an exceptional clarity of
                  | mind. [Xom's grace]
  2144 | D:2      | HP: 1/37 [poisoned by an adder]
  2145 | D:2      | Succumbed to an adder's poison

Illustrated notes

Levels and vault maps discovered:
D:1:      heliophobic_arrival_enchanted_forest, layout_basic, serial_bayou,
          serial_bayou_pond_c, serial_bayou_pond_c, serial_bayou_lagoon_a,
          serial_bayou_pond_c, shapermc_ecumenical_altar_mp_highgroup,
          st_stairs_5, corexii_hall_statues_l
D:2:      layout_basic, kennysheep_decorative_pillar, minmay_bisected

Skill      XL: |  1  2  3  4 |
---------------+-------------+-----
Stealth        | 2 3 |  3.0
Polearms       | 4 |  4.0
Fighting       | |  3.8
Armour         | |  2.1
Dodging        | |  0.8

Action                   |  1- 3 |  4- 6 || total
-------------------------+-------+-------++-------
Melee: Spear             |   109 |     4 ||   113
       Trident           |       |    32 ||    32
       Rapier            |       |    13 ||    13
Throw: Dart              |       |     2 ||     2
       Stone             |       |     1 ||     1
 Abil: Dig               |     4 |       ||     4
       Shaft Self        |     1 |       ||     1
  Use: Potion            |     2 |     1 ||     3
 Stab: Sleeping          |     1 |       ||     1
Armor: Leather armour    |    37 |    23 ||    60
Dodge: Dodged            |    56 |    24 ||    80

Table legend: (Time is in decaauts)
 A = Elapsed time spent in this place.
 B = Non-inter-level travel time spent in this place.
 C = Inter-level travel time spent in this place.
 D = Time resting spent in this place.
 E = Time spent auto-exploring this place.
 F = Levels seen in this place.
 G = Mean time per level.
                   A        B        C        D        E       F      G
               +--------+--------+--------+--------+--------+-----+--------+
         Total |   2166 |   2146 |     20 |    358 |   1179 |   2 | 1083.0 |
       Dungeon |   2166 |   2146 |     20 |    358 |   1179 |   2 | 1083.0 |
               +--------+--------+--------+--------+--------+-----+--------+

Top non-repeatable levels by time:
     D:1: 1248 daAuts
     D:2: 917 daAuts
